 Dungeon Crawl Stone Soup version 0.30.0-16-gbe6223bb7e (webtiles) character file.

Game seed: 14704866319745398222

4 bmack86 the Caller (level 1, 0/16 HPs)
             Began as an Ogre Summoner on May 21, 2023.
             Slain by a kobold
             ... wielding a +0 short sword
              (2 damage)
             ... on level 1 of the Dungeon.
             The game lasted 00:01:19 (84 turns).

bmack86 the Caller (Ogre Summoner)                    Turns: 84, Time: 00:01:19

Health: 0/16       AC:  3    Str: 11    XL:     1   Next: 60%
Magic:  4/4        EV:  9    Int: 16    God:
Gold:   17         SH:  0    Dex:  9    Spells: 4/5 levels left

rFire   . . .        h - +0 dagger
rCold   . . .        (no shield)
rNeg    . . .        a - +0 robe
rPois   .            (helmet restricted)
rElec   .            (no cloak)
rCorr   .            (gloves unavailable)
SInv    .            (boots unavailable)
Will    .....        (no amulet)
Stlth   +            (no ring)
HPRegen 0.22/turn    (no ring)
MPRegen 0.09/turn

%: no passive effects
@: no status effects
A: large, unfitting armour, tough skin 1
a: no special abilities


You were on level 1 of the Dungeon.
You visited 1 branch of the dungeon, and saw 1 of its levels.

You collected 17 gold pieces.

Inventory:

Hand Weapons
 h - a +0 dagger (weapon)
Armour
 a - a +0 robe (worn)
Scrolls
 d - a scroll of brand weapon {unknown}
 f - a scroll of identify {unknown}
Potions
 b - a potion of magic
 c - a potion of resistance {unknown}
 e - a potion of might {unknown}
 g - a potion of invisibility {unknown}


   Skills:
 - Level 1.7 Dodging
 - Level 1.4 Stealth
 + Level 2.6 Spellcasting
 + Level 3.7 Summonings


You had 4 spell levels left.
You knew the following spells:

 Your Spells              Type           Power      Damage    Failure   Level
a - Summon Small Mammal   Summ           56%        N/A       4%          1

Your spell library contained the following spells:

 Spells                   Type           Power      Damage    Failure   Level
 Call Imp                 Summ           28%        N/A       6%          2
 Call Canine Familiar     Summ           14%        N/A       13%         3
 Summon Guardian Golem    Hex/Summ       8%         N/A       26%         3
 Summon Lightning Spire   Summ/Air       8%         N/A       65%         4


Dungeon Overview and Level Annotations

Branches:
Dungeon (1/15)

Altars:


Innate Abilities, Weirdness & Mutations

You are too large for most types of armour.
You have tough skin. (AC +1)


Message History

A kobold and a bat come into view.
The kobold shouts!
You hear a shout!
The kobold throws a stone.
The stone barely misses you.
The kobold shouts!
You see here 14 gold pieces.
You now have 17 gold pieces (gained 14).
The kobold throws a stone.
The stone closely misses you.
A kobold comes into view. It is wielding a +0 short sword.
The kobold throws a stone.
The stone hits you.
The kobold moves out of view.
You miss the kobold. The bat hits you. The kobold hits you with a +0 club.
The kobold throws a stone.
The stone hits you.
You hit the kobold.
The kobold is moderately wounded.
The bat hits you but does no damage.
The kobold throws a stone.
The stone closely misses you. The kobold hits you but does no damage.
The bat closely misses you.
You hit the kobold but do no damage. You punch the kobold.
You kill the kobold!
The bat barely misses you. The bat barely misses you.
The bat hits you but does no damage. The kobold barely misses you.
You see here a +0 club.
You hit the kobold but do no damage. The bat hits you but does no damage.
The kobold hits you with a +0 short sword.
You hit the kobold but do no damage. The bat hits you but does no damage.
The kobold hits you with a +0 short sword.
You closely miss the kobold. The kobold closely misses you.
You hit the kobold.
The kobold is severely wounded.
The bat closely misses you. The kobold misses you.
You closely miss the kobold.
The kobold is severely wounded.
The kobold hits you with a +0 club.
* * * LOW HITPOINT WARNING * * *
The kobold hits you but does no damage.
You hit the kobold.
The kobold is moderately wounded.
The kobold closely misses you.
The kobold hits you with a +0 short sword.
You die...

... ###..###.
#....#... ###K#.##.#
# #.#......# .#
#..#.#..###.#
#..........#
####.####...#......#
......K@Kb...†..#
####.##.#.....).#
.#.........# #
#....#.#.#.# .####
##.....#.#.##.....
###...†......#
#..........#
#####.#.#### #...#


You could see a bat and 2 kobolds.

Vanquished Creatures
  3 kobolds (D:1)
3 creatures vanquished.

Vanquished Creatures (collateral kills)
  A bat (D:1)
1 creature vanquished.

Grand Total: 4 creatures vanquished

Notes
Turn   | Place    | Note
-------+----------+-------------------------------------------
     0 | D:1      | bmack86 the Ogre Summoner began the quest for the Orb.
     0 | D:1      | Reached XP level 1. HP: 16/16 MP: 3/3
    84 | D:1      | Slain by a kobold

Illustrated notes

Levels and vault maps discovered:
D:1:      nzn_arrival_water_spiral, layout_loops_ring

Action                     || total
---------------------------++-------
  Melee: Unarmed           ||    21
         Dagger            ||     9
         Punch             ||     1
   Cast: Summon Small Mamm ||     2
 Armour: Robe              ||    13
  Dodge: Dodged            ||    22
